 Dungeon Crawl Stone Soup version 0.28.0-53-g5a82cb258f (webtiles) character file.

Game seed: 18025100889534054161

33 sanboga the Shield-Bearer (level 3, -1/23 HPs)
             Began as a Gargoyle Fighter on June 11, 2022.
             Shot with a sling bullet by a goblin (4 damage)
             ... led by Robin
             ... on level 2 of the Dungeon.
             The game lasted 00:01:30 (1291 turns).

sanboga the Shield-Bearer (Gargoyle Fighter)        Turns: 1291, Time: 00:01:31

Health: -1/23      AC: 12    Str: 21    XL:     3   Next: 29%
Magic:  3/3        EV:  6    Int:  8    God:
Gold:   53         SH:  8    Dex:  9    Spells: 2/2 levels left

rFire   . . .      SeeInvis .   a - +0 war axe
rCold   . . .      Faith    .   g - +0 kite shield
rNeg    + . .      Spirit   .   f - +0 chain mail
rPois   ∞          Reflect  .   (no helmet)
rElec   +          Harm     .   (no cloak)
rCorr   .          Rampage  .   (no gloves)
Will    .....                   (no boots)
Stlth   ..........              (no amulet)
HPRegen 0.07/turn               (no ring)
MPRegen 0.08/turn               (no ring)

@: no status effects
A: sickness immunity, AC +3, negative energy resistance 1, electricity
resistance, torment resistance 1, petrification resistance
a: no special abilities


You were on level 2 of the Dungeon.
You visited 1 branch of the dungeon, and saw 2 of its levels.

You collected 53 gold pieces.

Inventory:

Hand Weapons
 a - a +0 war axe (weapon)
Armour
 f - a +0 chain mail (worn)
 g - a +0 kite shield (worn)
Scrolls
 c - 3 scrolls of teleportation {unknown}
 h - a scroll of identify {unknown}
Potions
 b - a potion of flight {unknown}
 d - 2 potions of might
 e - a potion of heal wounds {unknown}


   Skills:
 + Level 3.6 Fighting
 * Level 2.4 Axes
 + Level 3.6 Armour
 + Level 3.6 Shields


You had 2 spell levels left.
You didn't know any spells.
Your spell library contained the following spells:

 Spells                   Type           Power      Damage    Failure   Level
 Blink                    Tloc           0%         N/A       100%        2
 Manifold Assault         Tloc           0%         N/A       100%        5
 Storm Form               Tmut/Air       0%         N/A       100%        7


Dungeon Overview and Level Annotations

Branches:
Dungeon (2/15)

Altars:

Annotations:
D:2 Sigmund


Innate Abilities, Weirdness & Mutations

You are immune to sickness and miasma.
Your stone body is resilient. (AC +3)
You are immune to poison.
You resist negative energy. (rN+)
You are resistant to electric shocks. (rElec)
You are resistant to unholy torment.
You are immune to petrification.


Message History

No target in view!
No target in view!
No target in view!
No target in view!
Things that are here:
a +0 club; a goblin corpse Robin of the Strong Arm comes into view.
They are wielding a +0 club.
Robin is nearby!
Robin is nearby!
Robin shouts!
You hear a shout! x3
Robin roars a battlecry!
You slash Robin!
Robin is heavily wounded.
Robin flexes a bicep menacingly.
Robin hits you with a +0 club. Robin barely misses you.
You slash Robin!
You kill Robin!
A goblin comes into view. It is wielding a +0 club.
A goblin comes into view. It is wielding a +0 dagger.
You have reached level 3!
Your experience leads to an increase in your attributes!
Increase (S)trength, (I)ntelligence, or (D)exterity?
You feel stronger. x2
You closely miss the goblin. You block the goblin's attack.
Sigmund the Dreaded comes into view.
He is wielding a +3 scythe.
You barely miss the goblin. The goblin hits you with a +0 club.
Sigmund closely misses you. The goblin hits you but does no damage.
You closely miss the goblin.
Sigmund hits you from afar with a +3 scythe.
The goblin hits you with a +0 club.
You hit the goblin.
You kill the goblin!
Sigmund hits you from afar with a +3 scythe!
* * * LOW HITPOINT WARNING * * *
The goblin hits you but does no damage.
You are too injured to fight recklessly!
A goblin comes into view. It is wielding a +0 club. x2
The goblin unwields a +0 club.
The goblin wields a +0 hunting sling.
The goblin shoots a sling bullet.
The sling bullet hits you.
You die...

##### ... #)# #@# #. #.#
#.. #g# ########
##.#####@# #.......
#..g.....#######.#.######
#................#.# #
#.....[...########.# ####
#.g.......# #.....# #...
#<.....)..# #.##### #.##
#.........# #.#<# #.#
#.........# #.#.# #.#
#.........# #.#.#####.#


You could see Sigmund and 3 goblins.

Vanquished Creatures
  Robin (D:2)
  2 endoplasms (D:1)
  2 giant cockroaches (D:1)
  3 goblins
  3 hobgoblins
  A quokka (D:1)
  3 ball pythons (D:1)
  3 bats (D:1)
  A frilled lizard (D:1)
  2 rats (D:1)
21 creatures vanquished.

Vanquished Creatures (others)
  A plant (D:1)
1 creature vanquished.

Grand Total: 22 creatures vanquished

Notes
Turn   | Place    | Note
-------+----------+-------------------------------------------
     0 | D:1      | sanboga the Gargoyle Fighter began the quest for the Orb.
     0 | D:1      | Reached XP level 1. HP: 14/14 MP: 1/1
   432 | D:1      | Reached XP level 2. HP: 19/19 MP: 2/2
  1193 | D:1      | Found a faded altar of an unknown god.
  1280 | D:2      | Noticed Robin
  1284 | D:2      | Killed Robin
  1285 | D:2      | Reached XP level 3. HP: 19/23 MP: 3/3
  1285 | D:2      | Noticed Sigmund
  1291 | D:2      | Shot with a sling bullet by a goblin

Illustrated notes

Levels and vault maps discovered:
D:1:      dpeg_arrival_stone_temple_mockup, layout_loops_cross,
          shapermc_ecumenical_altar_acropolis, nrook_mini_vaults
D:2:      layout_basic, hangedman_decor_lopped, uniq_sigmund, uniq_natasha,
          uniq_robin

Skill      XL: |  1 |
---------------+----+-----
Axes           | 2 |  2.4
Fighting       | |  3.6
Armour         | |  3.6
Shields        | |  3.6

Action                   || total
-------------------------++-------
Melee: War axe           ||    58
Armor: Chain mail        ||    62
Dodge: Dodged            ||    38
Block: Kite shield       ||    39
       Buckler           ||     4
